 Dungeon Crawl Stone Soup version 0.31.0-32-g396128a36d (webtiles) character file.

Game seed: 6237486093299412566

2 adelrune the Trooper (level 1, 22/22 HPs)
             Began as an Oni Warper on Apr 3, 2024.
             Was a Follower of Vehumet.
             Got out of the dungeon alive.
             The game lasted 00:00:51 (259 turns).

adelrune the Trooper (Oni Warper)                    Turns: 259, Time: 00:00:51

Health: 22/22      AC:  3    Str: 14    XL:     1   Next: 40%
Magic:  3/3        EV:  9    Int: 14    God:    Vehumet [*.....]
Gold:   0          SH:  0    Dex:  8    Spells: 3/4 levels left

rFire   . . .        a - +0 mace
rCold   . . .        (no shield)
rNeg    . . .        b - +0 robe
rPois   .            (helmet restricted)
rElec   .            (no cloak)
rCorr   .            (gloves unavailable)
SInv    .            (boots unavailable)
Will    .....        (no amulet)
Stlth   +            (no ring)
HPRegen 0.23/turn    (no ring)
MPRegen 0.08/turn

%: no passive effects
@: no status effects
A: large, unfitting armour, horns 1, tough skin 1, double potion healing,
drunken brawling
a: Renounce Religion


You escaped.
You worshipped Vehumet.
Vehumet was aware of your devotion.
You visited 1 branch of the dungeon, and saw 1 of its levels.

Inventory:

Hand Weapons
 a - a +0 mace (weapon)
Missiles
 d - 7 darts of dispersal (quivered)
Armour
 b - a +0 robe (worn)
Scrolls
 c - a scroll of blinking
Potions
 e - a potion of magic {unknown}


   Skills:
 + Level 2.7 Fighting
 * Level 2.0 Maces & Flails
 - Level 1.0 Throwing
 - Level 2.1 Dodging
 + Level 2.4 Spellcasting
 + Level 0.0 Conjurations
 - Level 2.6 Translocations
 * Level 0.1 Alchemy


You had 3 spell levels left.
You knew the following spells:

 Your Spells              Type           Power      Damage    Failure   Level
a - Sting                 Conj/Alch      8%         1d3       22%         1

Your spell library contained the following spells:

 Spells                   Type           Power      Damage    Failure   Level
 Blink                    Tloc           18%        N/A       12%         2
 Lesser Beckoning         Tloc           18%        N/A       12%         2
 Shock                    Conj/Air       4%         1d3       22%         1
 Teleport Other           Tloc           9%         N/A       22%         3
 Swiftness                Air            1%         N/A       56%         3
 Manifold Assault         Tloc           9%         N/A       58%         4
 Vhi's Electric Charge    Tloc/Air       10%        N/A       78%         4
 Airstrike                Air            0%         2d(1-17)  92%         4


Dungeon Overview and Level Annotations

Branches:
Dungeon (1/15)

Altars:
Vehumet


Innate Abilities, Weirdness & Mutations

You are too large for most types of armour.
You have a pair of small horns on your head.
You have tough skin. (AC +1)
You gain doubled healing and magic from potions.
Whenever you drink a healing potion, you attack all around you.


Message History

The kobold shouts!
You hear a loud squeak.
The kobold moves out of view.
The kobold throws a stone.
The stone hits you.
A kobold is nearby!
Found an escape hatch in the floor.
Casting: Sting (safe; 22% risk of failure)
Confirm with . or Enter, or press ? or * to list all spells.
Aiming: Sting (safe; 22% risk of failure)
Press: ? - help, Shift-Dir - straight line, f - kobold
Aim: a kobold, wielding a +0 short sword and quivering stones (55% to hit)
The sting hits the kobold but does no damage.
The kobold is poisoned.
A rat comes into view.
Casting: Sting (safe; 22% risk of failure)
Confirm with . or Enter, or press ? or * to list all spells.
Aiming: Sting (safe; 22% risk of failure)
Press: ? - help, Shift-Dir - straight line, f/p - kobold
Aim: a kobold, wielding a +0 short sword and quivering stones (moderately wounded, poisoned, 55% to hit)
You miscast Sting.
You are very lightly contaminated with residual magic.
Nothing appears to happen.
The kobold throws a stone.
The stone hits you.
Unknown command.
Unknown command.
Casting: Sting (safe; 22% risk of failure)
Confirm with . or Enter, or press ? or * to list all spells.
Aiming: Sting (safe; 22% risk of failure)
Press: ? - help, Shift-Dir - straight line, f/p - kobold
Aim: a kobold, wielding a +0 short sword and quivering stones (moderately wounded, poisoned, 55% to hit)
The sting misses the kobold.
You kill the kobold!
Vehumet accepts your kill.
Your magical contamination has completely faded away.
A rat is nearby!
A rat is nearby!
You can't go up here!
You hit the rat.
You kill the rat!
Vehumet accepts your kill.
There is a staircase leading out of the dungeon here.
You have escaped!

...#..# ##....................#
>..#..###.....................#
......#...#######...#.........#
....#.#.### ##.#_#........#
........#########...#......(..#
...†[.###...............#######
##....#...#.....#...###..#
##....#.####..####### ##.#
......#.###.###.@### #.#
........##.##...##8## #.#
.......##.##.####...####.###
##.....#.##.##...###.#.....#
####...#.#.##..###8#.#.....## .
...###.#.#.##....#.##..[..##
#######8.#.#.#8.##.#.8#......#
. ##.#.#.##.8#.#.##....#.# #
#.#.##...##.#.#.....#.#


There were no monsters in sight!

Vanquished Creatures
  A bat (D:1)
  A kobold (D:1)
  A rat (D:1)
3 creatures vanquished.

Notes
Turn   | Place    | Note
-------+----------+-------------------------------------------
     0 | D:1      | adelrune the Oni Warper began the quest for the Orb.
     0 | D:1      | Reached XP level 1. HP: 22/22 MP: 3/3
    60 | D:1      | Found a faded altar of an unknown god.
    81 | D:1      | Prayed at the altar of an unknown god.
    81 | D:1      | Became a worshipper of Vehumet
    81 | D:1      | Reached * piety under Vehumet
    81 | D:1      | Offered knowledge of Sting by Vehumet.
    91 | D:1      | Learned a level 1 spell: Sting
   259 | D:$      | Got out of the dungeon alive.

Illustrated notes

Levels and vault maps discovered:
D:1:      nagdon_arrival_double_spiral, layout_rooms,
          chequers_ecumenical_altar_simple

Action                     || total
---------------------------++-------
  Melee: Mace              ||     1
   Cast: Sting             ||     4
 Armour: Robe              ||     2
  Dodge: Dodged            ||     1
